 Dungeon Sprint DCSS version 0.22.1-1-ga44c0e56f4 (webtiles) character file.

20012 MuseOD the Imperceptible (level 12, -3/60 HPs)
             Began as a Spriggan Enchanter on Sept 23, 2018.
             Was the Champion of Dithmenos.
             Killed from afar by a quicksilver dragon (27 damage)
             ... with a bolt of dispelling energy
             ... in the Dungeon (Sprint II: "The Violet Keep of Menkaure").
             The game lasted 00:11:31 (2333 turns).

MuseOD the Imperceptible (Spriggan Enchanter)       Turns: 2333, Time: 00:11:32

Health: -3/60      AC:  6    Str:  4    XL:     12   Next: 41%
Magic:  13/30      EV: 29    Int: 20    God:    Dithmenos [******]
Gold:   2442       SH:  0    Dex: 16    Spells: 28/37 levels left

rFire    . . .     SeeInvis +   x - +1 dagger (venom)
rCold    + . .     Gourm    .   (shield restricted)
rNeg     . . .     Faith    .   i - +2 robe {rC+}
rPois    .         Spirit   .   (helmet restricted)
rElec    .         Reflect  .   (no cloak)
rCorr    .         Harm     .   (gloves unavailable)
MR       ++...     NoTele   +   (boots unavailable)
Stlth    ++++++++++             (no amulet)
HPRegen  0.20/turn              (no ring)
MPRegen  0.22/turn              (no ring)

@: wreathed by umbra, very quick
A: very small, unfitting armour, iridescent scales 1, see invisible, clumsy 1,
herbivore, speed 3, slow metabolism 2
a: Shadow Step, Shadow Form, Renounce Religion


You were in the Dungeon.
You worshipped Dithmenos.
Dithmenos was exalted by your worship.
You were not hungry.

You visited 1 branch You collected 2980 gold pieces.
You spent 538 gold pieces at shops.

Inventory:

Hand Weapons
 a - a +1 dagger
 x - a +1 dagger of venom (weapon)
Armour
 b - a +0 robe
 i - a +2 robe of cold resistance (worn)
 u - a +0 robe
Jewellery
 s - an uncursed ring of protection from fire {unknown}
 v - an uncursed ring of ice {unknown}
Scrolls
 g - 3 scrolls of remove curse
 j - 3 scrolls of blinking
 k - a scroll of fog {unknown}
 m - 5 scrolls of identify
 o - a scroll of immolation {unknown}
 r - a scroll of amnesia
 w - a scroll of magic mapping {unknown}
Potions
 c - 3 potions of flight
 e - 2 potions of curing
 f - a potion of heal wounds
 h - 5 potions of magic
 l - 4 potions of resistance
 n - 2 potions of agility
 p - a potion of berserk rage
 q - a potion of brilliance
 t - a potion of haste
Comestibles
 d - 7 rations


   Skills:
 - Level 5.4 Fighting
 - Level 15.3 Short Blades
 + Level 13.4 Dodging
 + Level 25.9 Stealth
 - Level 13.0 Spellcasting
 - Level 17.8 Hexes


You had 28 spell levels left.
You knew the following spells:

 Your Spells              Type           Power        Failure   Level  Hunger
a - Corona                Hex            ######.      0%          1    None
b - Ensorcelled Hibernat  Hex/Ice        #####.       1%          2    None
c - Confuse               Hex            ######..     0%          3    None
d - Dazzling Spray        Conj/Hex       #####.       1%          3    None

Your spell library contained the following spells:

 Spells                   Type           Power        Failure   Level  Hunger
 Tukima's Dance           Hex            ######..     0%          3    None


Dungeon Overview and Level Annotations

Branches:
Dungeon (1/1)

Altars:
Cheibriados
Dithmenos
Elyvilon
Fedhas
Gozag
Hepliaklqana
Kikubaaqudgha
Makhleb
Nemelex Xobeh
Okawaru
Qazlal
Ru
Sif Muna
Trog
Uskayaw
Vehumet
Wu Jian
Xom
Yredelemnul
Zin
The Shining One
Beogh
Jiyva
Lugonu

Shops:
D [}(%:([!:?}![**[=}[[%[?}}![=

Annotations:
D exclusion: oklob plant, Roxanne


Innate Abilities, Weirdness & Mutations

You are very small and have problems with some larger weapons.
You are too small for most types of armour.
You have supernaturally acute eyesight. (SInv)
You are a herbivore.
You cover ground extremely quickly.
You need to consume almost no food.
You are partially covered in iridescent scales. (AC +2)
You are clumsy. (Dex -2)


Message History

* * * LOW HITPOINT WARNING * * *
You emit a cloud of dark smoke.
The quicksilver dragon closely misses you.
The quicksilver dragon completely misses you.
The quicksilver dragon bites you.
* * * LOW HITPOINT WARNING * * *
The quicksilver dragon claws you but does no damage.
You feel much better.
The quicksilver dragon closely misses you.
The quicksilver dragon barely misses you.
The quicksilver dragon misses you.
The quicksilver dragon completely misses you.
You fail to use your ability.
The quicksilver dragon completely misses you.
The quicksilver dragon misses you.
The quicksilver dragon breathes dispelling energy at you.
The bolt of dispelling energy misses you.
The quicksilver dragon breathes dispelling energy at you.
The bolt of dispelling energy hits you!
You die...

▓▓▓▓▓▓▓▓▓▓▓▓▓▓▓▓▓
♣$.$$$♣♣....^♣♣.▓
♣.^♣§..♣♣...♣.♣♣.▓ ▓▓▓
♣D.♣♣§§♣♣..♣♣..♣.▓ ..▓ ♣D$
♣DD♣...♣♣....▓ ▓▓+▓▓▓▓.▓ ..$
♣@D§..^♣♣....▓ +.§§▓0..▓ D.$$
▓▓▓▓▓▓▓▓▓++▓▓▓# #§§.▓▓▓▓▓▓▓▓▓▓
▓▓▓▓▓▓GGG.GGG.#
#...▓≈≈≈≈≈§≈≈▓▓▓....▓G'G'G''.#
##:)▓▓▓▓▓▓▓▓▓▓▓▓'▓▓.▓.'G§.≈'G#
§#=§▓....(...▓▓.).▓.▓.§§..≈'G#
§#))▓.))..().▓▓.⌠.▓.▓G§§§.≈'G#
.#):▓.[)..[..▓▓...▓.▓.'≈..≈'G#
####▓.)...[(.▓▓...▓.▓G'§..≈'G#


You could see 3 quicksilver dragons.

Vanquished Creatures
  A deep elf blademaster (D)
  A kraken (D)
  Kirke (D)
  A draconian shifter (D)
  2 lorocyprocas (D)
  A yaktaur captain (D)
  A great orb of eyes (D)
  A centaur warrior (D)
  A death yak (D)
  Sonja (D)
  A death drake (D)
  A skeletal warrior (D)
  A glowing orange brain (D)
  A harpy (D)
  3 shining eyes (D)
  An elephant (D)
  An eye of devastation (D)
  2 spiny frogs (D)
  A kobold demonologist (D)
  A yaktaur (D)
  5 polar bears (D)
  2 tyrant leeches (D)
  3 slime creatures (D)
  A hornet (D)
  2 hippogriffs (D)
  2 wyverns (D)
  Menkaure (D)
  4 neqoxecs (D)
  3 soldier ants (D)
  2 swamp drakes (D)
  5 necrophages (D)
  An iron imp (D)
55 creatures vanquished.

Vanquished Creatures (others)
  A crocodile (D)
  8 tentacles (D)
9 creatures vanquished.

Grand Total: 64 creatures vanquished

Notes
Turn   | Place    | Note
-------+----------+-------------------------------------------
     0 | D        | MuseOD the Spriggan Enchanter began the quest for the Orb.
     0 | D        | Reached XP level 1. HP: 9/9 MP: 5/5
     1 | D        | Noticed a necrophage
     1 | D        | Noticed a necrophage
     1 | D        | Noticed a necrophage
     1 | D        | Noticed a necrophage
     7 | D        | Killed a necrophage
     7 | D        | Reached skill level 7 in Stealth
     7 | D        | Reached XP level 2. HP: 16/16 MP: 6/6
     7 | D        | Reached XP level 3. HP: 20/20 MP: 8/8
     7 | D        | Reached XP level 4. HP: 24/24 MP: 9/9
    14 | D        | Killed a necrophage
    14 | D        | Reached skill level 9 in Stealth
    14 | D        | Reached XP level 5. HP: 29/29 MP: 10/10
    26 | D        | Killed a necrophage
    26 | D        | Reached skill level 10 in Stealth
    43 | D        | Killed a necrophage
    43 | D        | Reached skill level 5 in Fighting
    43 | D        | Reached skill level 10 in Short Blades
    43 | D        | Reached skill level 11 in Stealth
    43 | D        | Reached XP level 6. HP: 17/34 MP: 11/11
    47 | D        | Learned a level 2 spell: Ensorcelled Hibernation
    51 | D        | Learned a level 3 spell: Confuse
    55 | D        | Learned a level 3 spell: Dazzling Spray
   147 | D        | Found a glowing golden altar of the Shining One.
   147 | D        | Found an ornate altar of the Wu Jian Council.
   148 | D        | Found a shimmering altar of Xom.
   148 | D        | Found a sacrificial altar of Ru.
   149 | D        | Found a basalt altar of Yredelemnul.
   149 | D        | Found a deep blue altar of Sif Muna.
   150 | D        | Found a glowing silver altar of Zin.
   150 | D        | Found a bloodstained altar of Trog.
   150 | D        | Found an ancient bone altar of Kikubaaqudgha.
   150 | D        | Found a stormy altar of Qazlal.
   150 | D        | Found a viscous altar of Jiyva.
   151 | D        | Found a hide-covered altar of Uskayaw.
   151 | D        | Found a corrupted altar of Lugonu.
   151 | D        | Found a shadowy altar of Dithmenos.
   152 | D        | Found a radiant altar of Vehumet.
   152 | D        | Found a burning altar of Makhleb.
   152 | D        | Found a white marble altar of Elyvilon.
   153 | D        | Found a sparkling altar of Nemelex Xobeh.
   153 | D        | Found a blossoming altar of Fedhas.
   155 | D        | Found an iron altar of Okawaru.
   155 | D        | Found an opulent altar of Gozag.
   155 | D        | Found a hazy altar of Hepliaklqana.
   155 | D        | Found a snail-covered altar of Cheibriados.
   156 | D        | Found a roughly hewn altar of Beogh.
   165 | D        | Became a worshipper of Dithmenos the Shadowed
   176 | D        | Noticed a shining eye
   177 | D        | Noticed a shining eye
   177 | D        | Noticed a shining eye
   178 | D        | Killed a shining eye
   178 | D        | Reached skill level 13 in Stealth
   178 | D        | Reached XP level 7. HP: 22/38 MP: 12/18
   179 | D        | Killed a shining eye
   179 | D        | Reached skill level 14 in Stealth
   179 | D        | Reached XP level 8. HP: 25/43 MP: 12/21
   179 | D        | Gained mutation: Your body sometimes deteriorates upon
                  | taking damage. [a shining eye]
   188 | D        | Reached * piety under Dithmenos
   188 | D        | Reached skill level 15 in Stealth
   191 | D        | Reached skill level 10 in Hexes
   197 | D        | Noticed a deep elf master archer
   200 | D        | Noticed a great orb of eyes
   202 | D        | Killed a great orb of eyes
   202 | D        | Reached ** piety under Dithmenos
   202 | D        | Reached skill level 16 in Stealth
   202 | D        | Reached XP level 9. HP: 29/46 MP: 14/25
   222 | D        | Noticed a yaktaur
   222 | D        | Noticed a polar bear
   223 | D        | Noticed a polar bear
   223 | D        | Noticed a polar bear
   224 | D        | Killed a polar bear
   224 | D        | Reached skill level 17 in Stealth
   225 | D        | Killed a polar bear
   231 | D        | Reached *** piety under Dithmenos
   233 | D        | Killed a yaktaur
   233 | D        | Reached skill level 18 in Stealth
   238 | D        | Killed a polar bear
   345 | D        | Noticed a tyrant leech
   345 | D        | Noticed a tyrant leech
   350 | D        | Killed a tyrant leech
   352 | D        | Killed a tyrant leech
   352 | D        | Reached **** piety under Dithmenos
   376 | D        | Reached XP level 10. HP: 44/50 MP: 21/28
   392 | D        | Reached skill level 19 in Stealth
   406 | D        | Reached ***** piety under Dithmenos
   415 | D        | Found Inustu Lile's Distillery.
   415 | D        | Found Eghiqugi's Antique Armour Shoppe.
   415 | D        | Found Igaqeb's Gadget Emporium.
   415 | D        | Found Tofiff's Gadget Emporium.
   415 | D        | Found Bonaun's Antique Armour Shoppe.
   415 | D        | Found Goidd's Magic Scroll Shoppe.
   416 | D        | Found Jetopuq's Jewellery Shoppe.
   416 | D        | Found Tepteit's Antique Armour Emporium.
   417 | D        | Found Kum Kuod's Antique Armour Shoppe.
   417 | D        | Found Ciam Bul's Jewellery Emporium.
   417 | D        | Found Tiq Iguf's Distillery.
   417 | D        | Noticed Menkaure
   419 | D        | Found Gopsis's Book Shoppe.
   419 | D        | Found Kehechiedo's Distillery.
   419 | D        | Noticed an oklob plant
   420 | D        | Found Cucsuept's Food Shoppe.
   420 | D        | Found Haxzeq's Antique Weapon Emporium.
   420 | D        | Found Ymiodwak's Book Shoppe.
   422 | D        | Noticed an ice dragon
   430 | D        | Bought a potion of mutation for 112 gold pieces
   430 | D        | Bought a potion of heal wounds for 70 gold pieces
   430 | D        | Bought a potion of curing for 42 gold pieces
   430 | D        | Bought a potion of curing for 42 gold pieces
   430 | D        | Bought a potion of curing for 42 gold pieces
   430 | D        | Lost mutation: Your body sometimes deteriorates upon taking
                  | damage. [potion of mutation]
   430 | D        | Gained mutation: You are partially covered in iridescent
                  | scales. (AC +2) [potion of mutation]
   453 | D        | Noticed Roxanne
   460 | D        | Killed Menkaure
   534 | D        | Noticed an elephant
   534 | D        | Noticed a centaur warrior
   534 | D        | Noticed Kirke
   534 | D        | Noticed a yaktaur captain
   534 | D        | Noticed a skeletal warrior
   535 | D        | Killed a yaktaur captain
   537 | D        | Killed Kirke
   537 | D        | Reached skill level 20 in Stealth
   537 | D        | Reached skill level 15 in Hexes
   540 | D        | Killed a centaur warrior
   540 | D        | Reached skill level 21 in Stealth
   540 | D        | Reached XP level 11. HP: 52/55 MP: 24/29
   541 | D        | Killed a skeletal warrior
   572 | D        | Noticed a death yak
   575 | D        | Killed a death yak
   575 | D        | Reached ****** piety under Dithmenos
   575 | D        | Reached skill level 22 in Stealth
   608 | D        | Found Poib's Armour Emporium.
   608 | D        | Found Alofreto's Antique Weapon Shop.
   608 | D        | Found Kaadib's Gadget Shop.
   608 | D        | Found Poepteomoe's Armour Shoppe.
   608 | D        | Found Zatin's Gadget Boutique.
   609 | D        | Found Ginaer's Magic Scroll Shoppe.
   609 | D        | Found Cerif's General Store.
   609 | D        | Found Kogiklumao's Gadget Emporium.
   609 | D        | Found Osenoh's Food Shop.
   609 | D        | Found Fosmonn's Assorted Antiques.
   609 | D        | Found Iruqim's Armour Shop.
   609 | D        | Found Michaiwk's Armour Shoppe.
   623 | D        | Bought a +2 robe of cold resistance for 230 gold pieces
   676 | D        | Noticed a death drake
   677 | D        | Noticed a death drake
   677 | D        | Noticed a crystal guardian
   700 | D        | Noticed a kraken
   948 | D        | Killed a death drake
  1163 | D        | Killed a kraken
  1163 | D        | Reached skill level 15 in Short Blades
  1163 | D        | Reached skill level 23 in Stealth
  1487 | D        | Noticed Sonja
  1487 | D        | Noticed a purple draconian shifter
  1487 | D        | Noticed a hellephant
  1487 | D        | Noticed a glowing orange brain
  1501 | D        | Killed Sonja
  1501 | D        | Reached skill level 5 in Dodging
  1506 | D        | Killed a glowing orange brain
  1776 | D        | Killed a purple draconian shifter
  1776 | D        | Reached skill level 24 in Stealth
  1776 | D        | Reached XP level 12. HP: 57/60 MP: 1/30
  2016 | D        | Noticed a deep elf blademaster
  2020 | D        | Killed a deep elf blademaster
  2020 | D        | Reached skill level 10 in Dodging
  2022 | D        | Reached skill level 25 in Stealth
  2266 | D        | Gained mutation: You are clumsy. (Dex -2) [a shining eye]
  2269 | D        | Noticed a lorocyproca
  2269 | D        | Noticed a lorocyproca
  2273 | D        | Killed a lorocyproca
  2275 | D        | Killed a lorocyproca
  2316 | D        | Noticed a quicksilver dragon
  2320 | D        | Noticed a quicksilver dragon
  2320 | D        | Noticed a quicksilver dragon
  2331 | D        | HP: 3/60 [quicksilver dragon/bolt of dispelling energy
                  | (24)]
  2333 | D        | Killed from afar by a quicksilver dragon

Skill      XL: |  1  2  3  4  5  6  7  8  9 10 11 12 |
---------------+-------------------------------------+-----
Fighting       | 3 4 5 |  5.4
Short Blades   | 6 8 10 13 15 | 15.3
Stealth        | 7 9 11 13 14 16 18 21 24 25 | 25.9
Spellcasting   | 6 8 11 13 | 13.0
Hexes          | 7 9 11 13 15 17 | 17.8
Dodging        | 8 13 | 13.4

Action                   |  1- 3 |  4- 6 |  7- 9 | 10-12 || total
-------------------------+-------+-------+-------+-------++-------
Melee: Dagger            |     4 |    35 |    20 |    72 ||   131
 Cast: Ensorcelled Hiber |       |       |     4 |     3 ||     7
       Confuse           |       |       |     1 |    16 ||    17
       Dazzling Spray    |       |       |       |    20 ||    20
Invok: Shadow Step       |       |       |       |     5 ||     5
  Use: Potion            |     1 |     1 |       |     9 ||    11
       Scroll            |       |       |       |     5 ||     5
 Stab: Sleeping          |       |     1 |    14 |    27 ||    42
       Confused          |       |       |     2 |     9 ||    11
       Invisible         |       |       |       |     3 ||     3
Armor: Robe              |     1 |     2 |       |     1 ||     4
Dodge: Dodged            |     1 |    11 |     5 |    47 ||    64
